 Dungeon Crawl Stone Soup version 0.18-a0-123-g3323726 (webtiles) character file.

95 Proton the Covered (level 4, -1/29 HPs)
             Began as a Gargoyle Fighter on Nov 20, 2015.
             Slain by twist's ghost (6 damage)
             ... on level 3 of the Dungeon.
             The game lasted 00:03:19 (1678 turns).

Proton the Covered (Gargoyle Fighter)               Turns: 1678, Time: 00:03:19

Health: -1/29      AC: 10    Str: 20    XL:     4   Next: 65%
Magic:  4/4        EV: 10    Int:  9    God:
Gold:   146        SH:  9    Dex:  9    Spells: 0 memorised, 3 levels left

rFire  . . .     SeeInvis .     a - +0 flail
rCold  . . .     Clarity  .     b - +0 scale mail
rNeg   + . .     SustAt   .     c - +0 shield
rPois  ∞         Gourm    .     (no helmet)
rElec  +         Spirit   .     (no cloak)
rCorr  .         Warding  .     (no gloves)
rMut   .         Stasis   .     (no boots)
MR     .....                    (no amulet)
Stlth  ..........               g - +3 ring of evasion
                                (no ring)

@: not resistant to hostile enchantments, extremely unstealthy
A: negative energy resistance 1, electricity resistance, unbreathing,
petrification resistance, rot immunity, AC +3
a: no special abilities


You were on level 3 of the Dungeon.
You were not hungry.

You visited 1 branch of the dungeon, and saw 4 of its levels.

You collected 146 gold pieces.

Inventory:

Hand Weapons
 a - a +0 flail (weapon)
Armour
 b - a +0 scale mail (worn)
 c - a +0 shield (worn)
Jewellery
 g - a +3 ring of evasion (right hand)
Scrolls
 f - 2 scrolls of teleportation {unknown}
 h - 2 scrolls of remove curse {unknown}
 k - 2 scrolls of recharging {unknown}
 m - a scroll of immolation {unknown}
 n - 2 scrolls of identify {unknown}
Potions
 d - 2 potions of might
 i - a potion of haste {unknown}
 j - a potion of curing {unknown}
 l - a potion of cure mutation {unknown}
 o - a potion of brilliance {unknown}
Comestibles
 e - 4 bread rations


   Skills:
 + Level 3.8 Fighting
 + Level 2.8 Maces & Flails
 + Level 4.1 Armour
 + Level 4.1 Shields


You had 3 spell levels left.
You didn't know any spells.

Dungeon Overview and Level Annotations

Branches:
Dungeon (4/15)
 Temple: D:4-7

Altars:

Annotations:
D:3 Jessica; twist's ghost, amateur DrTm


Innate Abilities, Weirdness & Mutations

You are resistant to torment.
Your stone body is resilient (AC +3).
You are immune to poison.
You resist negative energy.
You are resistant to electric shocks.
You can survive without breathing.
You are immune to petrification.
You are immune to rotting.


Message History

You block the orc's attack.
You climb upwards.
Level annotation: Jessica; twist's ghost, amateur DrTm Twist's ghost hits you.
* * * LOW HITPOINT WARNING * * *
Twist's ghost barely misses you.
There is a stone staircase leading down here.
You are too injured to fight recklessly!
You are too injured to fight recklessly!
You are too injured to fight recklessly!
You are too injured to fight recklessly!
You are too injured to fight recklessly!
You are too injured to fight recklessly!
You are too injured to fight recklessly!
You are too injured to fight recklessly!
You are too injured to fight recklessly!
You sock the orc!
You kill the orc!
Twist's ghost hits you.
You die...

#### ###...## ### .......# #..
.......## #.# ...... #.# ...#
#.# #####.#### #.# #@o..#...#
#.# # #W###.##.# #.# #.#l#
#.##.# #.# #.#.###.##.# #.#
#.......##.## < #.#
#.#.###.#...##....
#.############.#.##....<.......
#............#.#.###.#...##....
############.#.#.##........ ...


You could see twist's ghost, an orc and a giant newt.

Vanquished Creatures
  2 adders (D:3)
  A gnoll (D:1)
  2 worms
  A giant gecko (D:1)
  6 orcs
  7 bats
  3 giant cockroaches (D:1)
  8 goblins
  4 hobgoblins
  3 jackals (D:1)
  3 giant newts
  6 kobolds
  3 rats
49 creatures vanquished.

Notes
Turn   | Place    | Note
--------------------------------------------------------------
     0 | D:1      | Proton the Gargoyle Fighter began the quest for the Orb.
     0 | D:1      | Reached XP level 1. HP: 14/14 MP: 1/1
    38 | D:1      | Reached XP level 2. HP: 17/19 MP: 2/2
   293 | D:1      | Reached XP level 3. HP: 21/23 MP: 3/3
   684 | D:2      | Reached skill level 4 in Armour
  1000 | D:2      | Found a faded altar to an unknown god.
  1342 | D:3      | Reached XP level 4. HP: 28/28 MP: 4/4
  1622 | D:3      | Noticed twist's ghost (amateur DrTm)
  1642 | D:3      | Noticed Jessica
  1678 | D:3      | Slain by twist's ghost

Vault maps used:
D:1:      dpeg_arrival_refuge
D:2:      ecumenical_altar_1, first_bread, minmay_distorted
D:3:      lemuel_crystal_altar, nrook_uturn, kennysheep_generic_room_13,
          uniq_jessica
D:4:      lemuel_crystal_altar, nemelex_deck, gup_sewer_entry_glass

Action                   |  1- 3 |  4- 6 || total
-------------------------+-------+-------++-------
Melee: Flail             |   145 |    72 ||   217
  Eat: Meat ration       |     1 |       ||     1
